 Dungeon Crawl Stone Soup version 0.29-a0-303-ge4682ce883 (webtiles) character file.

Game seed: 8668362367261308718

2563 Essalna the Conjurer (level 9, 0/61 HPs)
             Began as a Demonspawn Conjurer on Mar 25, 2022.
             Was a Follower of Hepliaklqana.
             Slain by Joseph
             ... wielding a +0 quarterstaff
              (14 damage)
             ... on level 7 of the Dungeon.
             The game lasted 00:22:05 (9740 turns).

Essalna the Conjurer (Demonspawn Conjurer)          Turns: 9740, Time: 00:22:06

Health: 0/61       AC:  6    Str:  7      XL:     9   Next: 31%
Magic:  6/18       EV: 16    Int: 23 (24) God:    Hepliaklqana [*.....]
Gold:   228        SH:  0    Dex: 15      Spells: 17/20 levels left

rFire   . . .      SeeInvis .   d - +0 dagger
rCold   . . .      Faith    .   u - orb {*channel}
rNeg    . . .      Spirit   .   y - +0 steam dragon scales
rPois   .          Reflect  .   (helmet restricted)
rElec   .          Harm     .   (no cloak)
rCorr   .          Rampage  .   j - +0 pair of gloves {Dex+3}
Will    .....                   (no boots)
Stlth   +++.......              (no amulet)
HPRegen 0.20/turn               w - +4 ring of evasion
MPRegen 0.16/turn               (no ring)

@: very slightly contaminated
A: reduced essence, antennae 1, demonic guardian 1, spiny 1, weakness stinger 2
a: Renounce Religion, Recall Ancestor, Ancestor Identity


You were on level 7 of the Dungeon.
You worshipped Hepliaklqana.
Hepliaklqana was aware of your devotion.
You visited 2 branches of the dungeon, and saw 8 of its levels.

You collected 228 gold pieces.

Inventory:

Hand Weapons
 d - a +0 dagger (weapon)
Missiles
 f - a throwing net
 z - 5 silver javelins
Armour
 a - a +0 robe
 c - a +0 helmet
 j - a +0 pair of gloves of dexterity (worn)
 u - an orb of energy (worn)
 y - +0 steam dragon scales (worn)
Jewellery
 w - a +4 ring of evasion (left hand)
Wands
 t - a wand of digging (8)
 x - a wand of charming (15)
 C - a wand of acid (4)
Scrolls
 g - 3 scrolls of vulnerability {unknown}
 i - 11 scrolls of identify {unknown}
 l - a scroll of amnesia {unknown}
 m - a scroll of fear {unknown}
 q - 2 scrolls of teleportation {unknown}
 r - 3 scrolls of immolation {unknown}
 B - a scroll of blinking {unknown}
Potions
 b - 2 potions of magic
 e - 3 potions of curing {unknown}
 h - 4 potions of mutation {unknown}
 k - a potion of degeneration {unknown}
 n - 3 potions of heal wounds {unknown}
 o - a potion of attraction {unknown}
 p - a potion of might {unknown}
 s - a potion of flight {unknown}
 v - a potion of cancellation {unknown}
 A - a potion of lignification {unknown}


   Skills:
 + Level 5.1 Fighting
 - Level 1.7 Dodging
 + Level 5.6 Stealth
 + Level 6.0 Spellcasting
 + Level 7.5 Conjurations
 + Level 4.6 Evocations


You had 17 spell levels left.
You knew the following spells:

 Your Spells              Type           Power      Damage    Failure   Level
a - Magic Dart            Conj           100%       1d8       1%          1
b - Searing Ray           Conj           82%        2d7       1%          2

Your spell library contained the following spells:

 Spells                   Type           Power      Damage    Failure   Level
 Dazzling Flash           Conj/Hex       48%        N/A       5%          3
 Freeze                   Ice            24%        1d5       9%          1
 Fulminant Prism          Conj/Hex       12%        3d9       19%         4
 Hailstorm                Conj/Ice       24%        3d7       19%         4
 Iskenderun's Mystic Bla  Conj/Tloc      24%        2d7       19%         4
 Frozen Ramparts          Ice            12%        1d3       26%         3
 Gell's Gravitas          Tloc           6%         N/A       26%         3
 Lesser Beckoning         Tloc           6%         N/A       26%         3
 Teleport Other           Tloc           6%         N/A       26%         3
 Ice Form                 Ice/Tmut       6%         N/A       63%         4
 Summon Ice Beast         Ice/Summ       6%         N/A       63%         4


Dungeon Overview and Level Annotations

Branches:
Dungeon (7/15)             Temple (1/1) D:5

Altars:
Ashenzari
Cheibriados
Dithmenos
Elyvilon
Fedhas
Gozag
Hepliaklqana
Kikubaaqudgha
Makhleb
Nemelex Xobeh
Okawaru
Qazlal
Ru
Sif Muna
Trog
Uskayaw
Vehumet
Wu Jian
Xom
Yredelemnul
Zin

Shops:
D:2 [   D:3 (

Annotations:
D:6 1 runed translucent door, Crazy Yiuf
D:7 Joseph


Innate Abilities, Weirdness & Mutations

Your life essence is reduced to manifest your ancestor. (-10% HP)
You have a pair of small antennae on your head.
A weak demonic guardian rushes to your aid.
You are partially covered in sharp spines.
You have a tail ending in a sharp stinger.


Message History

Joseph shoots a sling bullet.
The sling bullet hits you!
You see here a howler monkey corpse.
Joseph unwields a +0 hunting sling.
Joseph wields a +0 quarterstaff.
Joseph is struck by your spines. Joseph hits you with a +0 quarterstaff!
Casting: Searing Ray (safe; 1% risk of failure)
Confirm with . or Enter, or press ? or * to list all spells.
Aiming: Searing Ray (safe; 1% risk of failure)
Press: ? - help, Shift-Dir - straight line, f - Joseph
Aim: Joseph, wielding a +0 quarterstaff and wearing a +0 leather armour (lightly wounded, ally target, 82% to hit)
The searing ray hits Joseph!
Joseph is moderately wounded. (Press . to maintain the ray.) Joseph hits you with a +0 quarterstaff!
* * * LOW HITPOINT WARNING * * *
You swap places.
Joseph unwields a +0 quarterstaff.
Joseph wields a +0 hunting sling.
Joseph shoots a sling bullet.
The sling bullet hits Belessunu!
Belessunu hits Joseph.
You see here a howler monkey corpse.
Casting: Searing Ray (safe; 1% risk of failure)
Confirm with . or Enter, or press ? or * to list all spells.
Aiming: Searing Ray (safe; 1% risk of failure)
Press: ? - help, Shift-Dir - straight line, f/p - Joseph
Aim: Joseph, wielding a +0 hunting sling and wearing a +0 leather armour (moderately wounded, ally target, 82% to hit)
You miscast Searing Ray.
You are very lightly contaminated with residual magic.
Nothing appears to happen.
Joseph unwields a +0 hunting sling.
Joseph wields a +0 quarterstaff.
Joseph hits Belessunu with a +0 quarterstaff.
Belessunu is destroyed!
Joseph closely misses you.
Casting: Searing Ray (safe; 1% risk of failure)
Confirm with . or Enter, or press ? or * to list all spells.
Aiming: Searing Ray (safe; 1% risk of failure)
Press: ? - help, Shift-Dir - straight line, f/p - Joseph
Aim: Joseph, wielding a +0 quarterstaff and wearing a +0 leather armour (moderately wounded, 82% to hit)
The searing ray hits Joseph!
Joseph is moderately wounded. (Press . to maintain the ray.) Joseph is struck by your spines.
Joseph hits you with a +0 quarterstaff!
You die...

#........##_##
#.......##...##
#.......#8...8#
#.....##...#
#....####.## ##
#.....#♣#.# ..
#.........♣ ..
########....##♣#.# ..
#...).†@@....###.## ..
#.#############...# ..
#.#..........#8...8# ..
#.#......#.####...## #
#.#......#.##(##_#######
#.#.####.#.##.####.)....
#.#......#.##.#.########
#.########.##.#.#
#.#......#.##.#.#


You could see Joseph.

Vanquished Creatures
  Grinder (D:5)
  Prince Ribbit (D:5)
  2 steam dragons (D:6)
  Edmund (D:5)
  A water moccasin (D:7)
  2 black bears (D:6)
  An ice beast (D:6)
  An orc warrior (D:6)
  A centaur (D:6)
  2 phantoms (D:6)
  Blork the orc (D:5)
  2 scorpions (D:4)
  A necrophage (D:7)
  4 howler monkeys (D:7)
  2 jellies
  A gnoll shaman (D:4)
  6 hounds
  An orc priest (D:3)
  Jessica (D:3)
  2 iguanas (D:6)
  3 orc wizards
  3 adders
  4 gnolls (D:4)
  A shadow imp (D:6)
  A white imp (D:4)
  2 worms
  4 dart slugs
  12 orcs
  9 endoplasms
  2 giant cockroaches
  6 goblins
  16 hobgoblins
  2 jackals (D:2)
  8 quokkas
  7 ball pythons
  5 bats
  6 frilled lizards
  8 kobolds
  8 rats
141 creatures vanquished.

Vanquished Creatures (collateral kills)
  A jelly (D:5)
1 creature vanquished.

Vanquished Creatures (others)
  An ancestor (D:7)
  2 plants (D:5)
3 creatures vanquished.

Grand Total: 145 creatures vanquished

Notes
Turn   | Place    | Note
-------+----------+-------------------------------------------
     0 | D:1      | Essalna the Demonspawn Conjurer began the quest for the
                  | Orb.
     0 | D:1      | Reached XP level 1. HP: 13/13 MP: 3/3
   370 | D:1      | Gained mutation: A weak demonic guardian rushes to your
                  | aid. [demonic ancestry]
   370 | D:1      | Reached XP level 2. HP: 19/19 MP: 3/5
   537 | D:1      | Found a faded altar of an unknown god.
   999 | D:1      | Reached XP level 3. HP: 21/24 MP: 2/7
  1677 | D:2      | Learned a level 2 spell: Searing Ray
  1830 | D:2      | Found Unoallil's Antique Armour Shoppe.
  2465 | D:2      | Discovered your monstrous ancestry.
  2465 | D:2      | Gained mutation: You have a small tail. [demonic ancestry]
  2465 | D:2      | Reached XP level 4. HP: 30/30 MP: 4/8
  2878 | D:3      | Reached skill level 5 in Conjurations
  3005 | D:3      | Noticed Jessica
  3009 | D:3      | Killed Jessica
  3280 | D:3      | Found Jicutag's Antique Weapon Shop.
  3423 | D:3      | Reached XP level 5. HP: 33/36 MP: 5/10
  3620 | D:3      | Found an iron altar of Okawaru.
  3730 | D:3      | Reached skill level 1 in Fighting
  4359 | D:4      | Reached XP level 6. HP: 39/43 MP: 7/11
  5466 | D:5      | Entered Level 5 of the Dungeon
  5515 | D:5      | Noticed Edmund
  5812 | D:5      | Noticed Blork the orc
  5817 | D:5      | Killed Blork the orc
  5818 | D:5      | Reached skill level 1 in Evocations
  5899 | D:5      | Found a staircase to the Ecumenical Temple.
  5906 | D:5      | Noticed Prince Ribbit
  5908 | Temple   | Entered the Ecumenical Temple
  6009 | Temple   | Became a worshipper of Hepliaklqana the Forgotten
  6184 | D:5      | Gained mutation: You have a tail ending in a sharp stinger.
                  | [demonic ancestry]
  6184 | D:5      | Reached XP level 7. HP: 51/51 MP: 6/13
  6286 | D:5      | Killed Prince Ribbit
  6287 | D:5      | Reached skill level 6 in Conjurations
  6860 | D:6      | Noticed a steam dragon
  6896 | D:4      | Gained mutation: You are partially covered in sharp spines.
                  | [demonic ancestry]
  6896 | D:4      | Reached XP level 8. HP: 18/58 MP: 2/15
  7209 | D:5      | Noticed Grinder
  7216 | D:5      | Killed Grinder
  7217 | D:5      | Reached skill level 5 in Spellcasting
  8191 | D:6      | Reached skill level 7 in Conjurations
  8198 | D:6      | Reached skill level 5 in Stealth
  8575 | D:6      | Found a runed translucent door.
  8576 | D:6      | Noticed Crazy Yiuf
  8633 | D:6      | Gained mutation: You have a pair of small antennae on your
                  | head. [demonic ancestry]
  8633 | D:6      | Reached XP level 9. HP: 66/66 MP: 12/17
  9043 | D:5      | Killed Edmund
  9285 | D:7      | Reached * piety under Hepliaklqana
  9449 | D:7      | Reached skill level 5 in Fighting
  9664 | D:7      | Found a bloodstained altar of Trog.
  9664 | D:7      | Found a snail-covered altar of Cheibriados.
  9728 | D:7      | Noticed Joseph
  9740 | D:7      | Slain by Joseph

Illustrated notes

Levels and vault maps discovered:
D:1:      psy_arrival_whirlpool, layout_loops_ring,
          dreamdust_ecumenical_altar_statues, st_stairs_11
D:2:      layout_basic, serial_shops, nicolae_diamond_shop,
          minmay_close_crescents
D:3:      layout_basic, mainiacjoe_overflow_small_starburst, serial_shops,
          nicolae_shop_window_shopping, st_stairs_2, hangedman_decor_riveting,
          kennysheep_jessica_study, uniq_jessica
D:4:      layout_basic, nrook_uturn, st_stairs_10
D:5:      layout_rooms, minmay_temple_entry_overgrown, serial_bayou_lagoon_a,
          uniq_edmund, uniq_blork_the_orc, uniq_grinder, uniq_prince_ribbit1
D:6:      layout_rooms, uniq_crazy_yiuf_cottage
D:7:      layout_basic, amethyst_overflow_temple_binary, minmay_nine_imps,
          uniq_joseph, uniq_duvessa
Temple:   mainiacjoe_temple_bowtie_tessellation

Skill      XL: |  1  2  3  4  5  6  7  8  9 |
---------------+----------------------------+-----
Spellcasting   | 3 4 5 6 |  6.0
Conjurations   | 5 6 7 |  7.5
Stealth        | 2 3 4 5 |  5.6
Fighting       | 1 2 3 4 5 |  5.1
Evocations     | 1 2 4 |  4.6
Dodging        | |  1.7

Action                   |  1- 3 |  4- 6 |  7- 9 || total
-------------------------+-------+-------+-------++-------
Melee: Dagger            |    22 |       |     8 ||    30
       Tailslap          |       |       |     2 ||     2
 Cast: Magic Dart        |    82 |   134 |   108 ||   324
       Searing Ray       |       |    10 |    32 ||    42
Armor: Robe              |     8 |    10 |    15 ||    33
       Steam dragon scal |       |       |     3 ||     3
Dodge: Dodged            |    16 |    15 |    52 ||    83

Table legend: (Time is in decaauts)
 A = Elapsed time spent in this place.
 B = Non-inter-level travel time spent in this place.
 C = Inter-level travel time spent in this place.
 D = Time resting spent in this place.
 E = Time spent auto-exploring this place.
 F = Levels seen in this place.
 G = Mean time per level.
                   A        B        C        D        E       F      G
               +--------+--------+--------+--------+--------+-----+--------+
         Total |   9758 |   9206 |    552 |    621 |   7449 |   8 | 1219.8 |
       Dungeon |   9612 |   9103 |    509 |    621 |   7363 |   7 | 1373.1 |
        Temple |    145 |    102 |     43 |      0 |     86 |   1 |  145.0 |
               +--------+--------+--------+--------+--------+-----+--------+

Top non-repeatable levels by time:
     D:5: 1849 daAuts
     D:4: 1809 daAuts
     D:3: 1462 daAuts
     D:1: 1334 daAuts
     D:2: 1316 daAuts
     D:6: 1271 daAuts
     D:7: 567 daAuts
  Temple: 145 daAuts
